 Dungeon Crawl Stone Soup version 0.29.1-1-gd02db6906a (webtiles) character file.

Game seed: 7452515510603644568

5902 sentinel the Thaumaturge (level 11, -4/89 HPs)
             Began as a Meteoran Earth Elementalist on Sept 27, 2022.
             Was a Priest of Cheibriados.
             Slain by a yak (15 damage)
             ... on level 10 of the Dungeon.
             The game lasted 00:22:47 (1336 turns).

sentinel the Thaumaturge (MeEE)                     Turns: 1336, Time: 00:22:48

Health: -4/89      AC:  3    Str: 15    XL:     11   Next: 29%
Magic:  2/37       EV: 14    Int: 32    God:    Cheibriados [***...]
Gold:   0          SH:  0    Dex: 28    Spells: 14/29 levels left

rFire   + . .      SeeInvis .   x - staff of poison {!a}
rCold   . . .      Faith    .   (no shield)
rNeg    . . .      Spirit   .   a - +0 robe
rPois   +          Reflect  .   (no helmet)
rElec   .          Harm     .   k - +0 cloak
rCorr   .          Rampage  .   (no gloves)
Will    +....      Clarity  +   (no boots)
Stlth   +.........              m - amulet of the acrobat
HPRegen 0.24/turn               s - ring of magical power
MPRegen 0.25/turn               z - +6 ring of intelligence

@: glowing, very slow
A: sense surroundings 2, otherworldly, glowing, explore regen, agile 1, clarity,
fire resistance 1, high MP 1
a: Renounce Religion, Bend Time, Temporal Distortion


You were on level 10 of the Dungeon.
You worshipped Cheibriados.
Cheibriados was most pleased with you.
You visited 2 branches of the dungeon, and saw 12 of its levels.
You also visited: Bailey.

Inventory:

Hand Weapons
 i - a +6 short sword
Missiles
 e - 3 curare-tipped darts
 q - 8 boomerangs
 u - 3 silver javelins
Armour
 a - a +0 robe (worn)
 k - a +0 cloak (worn)
Magical Staves
 x - a staff of poison (weapon) {!a}
Jewellery
 c - a ring of protection from cold
 j - a ring of flight
 m - an amulet of the acrobat (around neck)
 s - a ring of magical power (left hand)
 z - a +6 ring of intelligence (right hand)
Wands
 A - a wand of acid (3)
Scrolls
 h - 2 scrolls of enchant weapon
 n - a scroll of amnesia
 p - a scroll of noise
 t - 3 scrolls of teleportation
Potions
 b - 4 potions of magic
 d - a potion of brilliance {unknown}
 f - 2 potions of curing {unknown}
 l - a potion of flight {unknown}
 o - 2 potions of degeneration {unknown}
 r - a potion of might {unknown}
 v - 5 potions of heal wounds {unknown}
 M - 4 potions of mutation


   Skills:
 - Level 6.0 Fighting
 - Level 6.0 Throwing
 - Level 2.4 Dodging
 - Level 1.4 Stealth
 + Level 9.8 Spellcasting
 - Level 5.0 Conjurations
 - Level 4.0 Hexes
 - Level 3.0 Summonings
 - Level 7.0 Translocations
 - Level 6.0 Transmutations
 - Level 6.0 Earth Magic
 - Level 5.0 Evocations


You had 14 spell levels left.
You knew the following spells:

 Your Spells              Type           Power      Damage    Failure   Level
a - Sandblast             Erth           100%       2d20      1%          1
b - Stone Arrow           Conj/Erth      100%       3d13      1%          3
c - Passwall              Tmut/Erth      43%        N/A       1%          2
e - Yara's Violent Unrav  Hex/Tmut       23%        3d10      11%         5
z - Passage of Golubria   Tloc           57%        N/A       1%          4

Your spell library contained the following spells:

 Spells                   Type           Power      Damage    Failure   Level
 Magic Dart               Conj           100%       1d8       1%          1
 Call Imp                 Summ           34%        N/A       1%          2
 Gell's Gravitas          Tloc           57%        N/A       1%          3
 Teleport Other           Tloc           57%        N/A       1%          3
 Tukima's Dance           Hex            41%        N/A       1%          3
 Petrify                  Tmut/Erth      52%        N/A       2%          4
 Mephitic Cloud           Conj/Pois/Air  39%        N/A       4%          3
 Dispersal                Tloc           28%        N/A       26%         6
 Borgnjor's Revivificati  Necr           7%         N/A       100%        8
 Necromutation            Tmut/Necr      17%        N/A       100%        8
 Death's Door             Necr           7%         N/A       100%        9


Dungeon Overview and Level Annotations

Branches:
Dungeon (11/15) Zot: 8314  Temple (1/1) D:7 Zot: 842    Lair (0/5) D:10
 Bailey (visited)
    Orc: D:9-12

Altars:
Ashenzari
Cheibriados
Dithmenos
Makhleb
Nemelex Xobeh
Wu Jian
Xom
Zin

Shops:
D:3 [   D:7 [

Annotations:
D:9 exclusion: ice statue


Innate Abilities, Weirdness & Mutations

You passively map the area around you.
You are easily found by Zot.
You glow in the dark.
You regain HP and MP as you explore.
You are agile. (Dex +4, Str/Int -1)
You possess an exceptional clarity of mind.
Your flesh is heat resistant. (rF+)
You have an increased reservoir of magic. (+10% MP)


Message History

The unravelling engulfs the death yak.
The death yak is lightly wounded.
The yak bellows!
You hear a bellow!
A yak comes into view.
Casting: Yara's Violent Unravelling (dangerous; 12% risk of failure)
Confirm with . or Enter, or press ? or * to list all spells.
Okay, then.
Casting: Yara's Violent Unravelling (dangerous; 12% risk of failure)
Confirm with . or Enter, or press ? or * to list all spells.
Aiming: Stone Arrow (safe; 1% risk of failure)
Press: ? - help, Shift-Dir - straight line, f/p - death yak
Aim: a death yak (lightly wounded, misshapen and mutated, 92% to hit)
The stone arrow hits the death yak!
The death yak is moderately wounded.
A yak comes into view.
Aiming: Corrosive Bolt
Press: ? - help, Shift-Dir - straight line, f - death yak, p - death yak
Aim: a death yak (91% to hit)
The bolt of acid misses the death yak.
The bolt of acid hits the death yak.
The acid corrodes the death yak!
The death yak is lightly wounded.
The bolt of acid hits the death yak!
The acid corrodes the death yak!
The death yak is lightly wounded.
Casting: Stone Arrow (safe; 1% risk of failure)
Confirm with . or Enter, or press ? or * to list all spells.
Aiming: Yara's Violent Unravelling (dangerous; 12% risk of failure)
Press: ? - help, Dir - move target, f/p - death yak
Aim: a death yak (lightly wounded, covered in acid)
The death yak's magical effects unravel!
The enchantments explode!
The death yak twists and deforms.
The unravelling engulfs the death yak!
The death yak is moderately wounded.
The death yak twists and deforms.
The unravelling engulfs the death yak!
The death yak is moderately wounded.
The yak twists and deforms.
The unravelling engulfs the yak!
The yak is moderately wounded.
You hear a shout!
The death yak misses you.
Casting: Yara's Violent Unravelling (dangerous; 12% risk of failure)
Confirm with . or Enter, or press ? or * to list all spells.
Aiming: Yara's Violent Unravelling (dangerous; 12% risk of failure)
Press: ? - help, Dir - move target, f - death yak, p - death yak
Aim: a death yak (moderately wounded, misshapen and mutated, covered in acid)
The death yak's magical effects unravel!
The enchantments explode!
The death yak twists and deforms.
The unravelling engulfs the death yak!!
The death yak is heavily wounded.
The death yak twists and deforms.
The unravelling engulfs the death yak!!
The death yak is severely wounded.
The death yak completely misses you. The death yak gores you.
The death yak completely misses you.
Casting: Yara's Violent Unravelling (dangerous; 12% risk of failure)
Confirm with . or Enter, or press ? or * to list all spells.
You don't know that spell.
Unknown command.
Okay, then.
The death yak attacks as you move away! The death yak closely misses you.
Aiming: Corrosive Bolt
Press: ? - help, Shift-Dir - straight line, f - death yak, p - death yak
Aim: a death yak (severely wounded, misshapen and mutated, 91% to hit)
The bolt of acid hits the death yak!!
The acid corrodes the death yak!
The death yak is severely wounded.
The bolt of acid hits the death yak!
The death yak is almost dead.
Casting: Yara's Violent Unravelling (dangerous; 12% risk of failure)
Confirm with . or Enter, or press ? or * to list all spells.
Aiming: Stone Arrow (safe; 1% risk of failure)
Press: ? - help, Shift-Dir - straight line, f - death yak, p - death yak
Aim: a death yak (severely wounded, misshapen and mutated, covered in acid, 92% to hit)
The stone arrow hits the death yak!
The death yak is almost dead.
The death yak gores you. The yak closely misses you.
Casting: Stone Arrow (safe; 1% risk of failure)
Confirm with . or Enter, or press ? or * to list all spells.
Aiming: Stone Arrow (safe; 1% risk of failure)
Press: ? - help, Shift-Dir - straight line, f/p - death yak
Aim: a death yak (almost dead, misshapen and mutated, covered in acid, 92% to hit)
The stone arrow hits the death yak!!
You kill the death yak!
Cheibriados thoroughly appreciates the change of pace.
A troll comes into view.
The yak barely misses you. The death yak closely misses you.
Your life force feels restored.
Your Spellcasting skill increases to level 9!
Your Evocations skill increases to level 4!
Aiming: Corrosive Bolt
Press: ? - help, Shift-Dir - straight line, f - death yak
Aim: a death yak (moderately wounded, misshapen and mutated, 91% to hit)
The bolt of acid hits the death yak!
The death yak is heavily wounded.
Okay, then.
Casting: Stone Arrow (safe; 1% risk of failure)
Confirm with . or Enter, or press ? or * to list all spells.
Aiming: Stone Arrow (safe; 1% risk of failure)
Press: ? - help, Shift-Dir - straight line, f - death yak, p - death yak
Aim: a death yak (severely wounded, misshapen and mutated, 92% to hit)
The stone arrow hits the death yak!
You kill the death yak!
Cheibriados thoroughly appreciates the change of pace.
The yak misses you.
The death yak gores you but does no damage.
Training target 5.0 for Evocations reached!
Your Evocations skill increases to level 5!
Casting: Stone Arrow (safe; 1% risk of failure)
Confirm with . or Enter, or press ? or * to list all spells.
Aiming: Stone Arrow (safe; 1% risk of failure)
Press: ? - help, Shift-Dir - straight line, f - death yak
Aim: a death yak (heavily wounded, misshapen and mutated, 92% to hit)
Okay, then.
Aiming: Corrosive Bolt
Press: ? - help, Shift-Dir - straight line, f - death yak
Aim: a death yak (heavily wounded, misshapen and mutated, 91% to hit)
The bolt of acid hits the death yak!
The acid corrodes the death yak!
The death yak is severely wounded.
The death yak gores you! The yak barely misses you. x2
Casting: Stone Arrow (safe; 1% risk of failure)
Confirm with . or Enter, or press ? or * to list all spells.
Aiming: Stone Arrow (safe; 1% risk of failure)
Press: ? - help, Shift-Dir - straight line, f/p - death yak
Aim: a death yak (heavily wounded, misshapen and mutated, covered in acid, 92% to hit)
The stone arrow hits the death yak!
The death yak is severely wounded.
The yak gores you! The yak gores you. The yak completely misses you.
The death yak gores you!
Okay, then.
Okay, then.
Okay, then.
Casting: Stone Arrow (safe; 1% risk of failure)
Confirm with . or Enter, or press ? or * to list all spells.
Aiming: Stone Arrow (safe; 1% risk of failure)
Press: ? - help, Shift-Dir - straight line, f/p - death yak
Aim: a death yak (severely wounded, misshapen and mutated, covered in acid, 92% to hit)
The stone arrow hits the death yak!!
The death yak is almost dead.
The death yak gores you! The yak gores you!
* * * LOW HITPOINT WARNING * * *
The yak gores you.
* * * LOW HITPOINT WARNING * * *
The yak gores you!
* * * LOW HITPOINT WARNING * * *
HP warning!
It was a potion of mutation.
You feel extremely strange.
Your thoughts seem clearer.
You feel more energetic.
You feel agile.
You feel resistant to heat.
M - 4 potions of mutation The yak gores you!
You die...

, ,,* , ,#............#
**,,, ,*#..
####..##..####.# *
#..####.##..##+###*#.#
,,,, ...........# ,.. ...
...........# .. ,,... ,
###.........# .# , ### #
** * ###...#.≈≈≈≈≈.##.#
## # ,
......YY≈..)≈..(.#, ,, .
#* < .#.#..Y@≈>∩)≈....# #
, * ......#Y≈..)≈..### #
* # **
.#.#.).T≈≈~≈≈..######.##
. ,
............)...........
.
..#....#................
. *
,.*#...###..##..#########
#** * * #... #..##.†#
####### .,, , +.(..
..........#...... . ,
#...............#......


You could see a death yak (misshapen, corroded), 3 yaks and a troll.

Vanquished Creatures
  A hydra (D:11)
  2 two-headed ogres
  2 death yaks (D:10)
  9 yaks (D:10)
  3 orc warriors
  2 ogres (D:5)
  A black bear (D:5)
  A phantom (D:5)
  A kobold brigand (D:8)
  Blork the orc (D:6)
  A bullfrog (D:6)
  A scorpion (D:6)
  3 wights (D:7)
  4 howler monkeys
  An electric eel (D:11)
  A jelly (D:6)
  2 hounds
  An orc priest (D:10)
  Crazy Yiuf (D:4)
  4 orc wizards
  2 adders
  17 gnolls
  2 shadow imps
  A white imp (D:6)
  A worm (D:3)
  A dart slug (D:4)
  19 orcs
  2 ball pythons
  An endoplasm (D:4)
  5 goblins
  A hobgoblin (D:4)
  2 quokkas (D:2)
  2 bats
  3 kobolds
  2 rats
103 creatures vanquished.

Vanquished Creatures (others)
  A troll (D:10)
  A fungus (D:4)
  2 plants (D:3)
4 creatures vanquished.

Grand Total: 107 creatures vanquished

Notes
Turn   | Place    | Note
-------+----------+-------------------------------------------
     0 | D:1      | sentinel the Meteoran Earth Elementalist began the quest
                  | for the Orb.
     0 | D:1      | Reached XP level 1. HP: 14/14 MP: 5/5
    96 | D:2      | Reached XP level 2. HP: 11/20 MP: 0/6
   123 | D:3      | Found Siawis Qyk's Antique Armour Emporium.
   135 | D:3      | Found Hofromit's Antique Weapon Boutique.
   163 | D:4      | Reached XP level 3. HP: 26/26 MP: 2/8
   166 | D:4      | Learned a level 2 spell: Passwall
   170 | D:4      | Learned a level 3 spell: Stone Arrow
   205 | D:4      | Reached skill level 1 in Conjurations
   244 | D:4      | Found a broken altar of Ashenzari.
   299 | D:4      | Reached XP level 4. HP: 33/33 MP: 7/9
   302 | D:4      | Reached skill level 3 in Spellcasting
   302 | D:4      | Reached skill level 5 in Earth Magic
   317 | D:4      | Found a runed translucent door.
   318 | D:4      | Noticed Crazy Yiuf
   323 | D:4      | Killed Crazy Yiuf
   324 | D:4      | Reached XP level 5. HP: 38/38 MP: 3/11
   355 | D:4      | You fall into a shaft and drop 3 floors!
   355 | D:7      | Found a staircase to the Ecumenical Temple.
   359 | Temple   | Entered the Ecumenical Temple
   380 | Temple   | Became a worshipper of Cheibriados the Contemplative
   423 | D:7      | Learned a level 2 spell: Call Imp
   538 | D:7      | Reached skill level 1 in Summonings
   538 | D:7      | Reached XP level 6. HP: 45/45 MP: 8/12
   549 | D:7      | Reached skill level 4 in Spellcasting
   557 | D:5      | Entered Level 5 of the Dungeon
   557 | D:5      | Noticed an ogre
   559 | D:5      | Killed an ogre
   560 | D:5      | Reached XP level 7. HP: 50/50 MP: 7/14
   564 | D:5      | Reached skill level 5 in Conjurations
   576 | D:5      | Reached skill level 5 in Spellcasting
   612 | D:6      | Reached XP level 8. HP: 30/57 MP: 9/17
   656 | D:5      | Reached * piety under Cheibriados
   657 | D:5      | Reached skill level 6 in Spellcasting
   688 | D:6      | Noticed Blork the orc
   693 | D:6      | Reached skill level 7 in Spellcasting
   694 | D:6      | Killed Blork the orc
   695 | D:6      | Reached skill level 1 in Hexes
   724 | D:7      | Found Oru Zudu's Antique Armour Shop.
   781 | D:8      | Learned a level 4 spell: Passage of Golubria
   804 | D:8      | Reached skill level 1 in Translocations
   829 | D:8      | Noticed a two-headed ogre
   834 | D:8      | Killed a two-headed ogre
   835 | D:8      | Gained mutation: You passively map the area around you.
                  | [Meteoran growth]
   835 | D:8      | Reached XP level 9. HP: 28/62 MP: 17/20
   841 | D:8      | Learned a level 5 spell: Yara's Violent Unravelling
   913 | D:9      | Reached ** piety under Cheibriados
   916 | D:9      | Noticed an ice statue
   947 | D:10     | Entered Level 10 of the Dungeon
   990 | D:11     | Noticed a seven-headed hydra
   995 | D:11     | Killed a seven-headed hydra
   996 | D:11     | Reached skill level 1 in Fighting
   996 | D:11     | Reached XP level 10. HP: 73/73 MP: 20/22
  1056 | D:11     | Noticed a two-headed ogre
  1064 | D:11     | Killed a two-headed ogre
  1065 | D:11     | Reached skill level 8 in Spellcasting
  1110 | D:10     | Reached skill level 5 in Fighting
  1112 | D:10     | Reached skill level 5 in Throwing
  1142 | D:10     | Noticed a death yak
  1145 | D:10     | Noticed a death yak
  1146 | D:10     | Noticed a death yak
  1157 | D:10     | Found a flagged portal.
  1169 | D:10     | Reached skill level 1 in Evocations
  1183 | Bailey   | Entered a bailey
  1263 | Bailey   | Reached *** piety under Cheibriados
  1269 | Bailey   | Reached XP level 11. HP: 53/84 MP: 24/24
  1330 | D:10     | Killed a death yak
  1331 | D:10     | Reached skill level 9 in Spellcasting
  1332 | D:10     | Killed a death yak
  1333 | D:10     | Reached skill level 5 in Evocations
  1336 | D:10     | Gained mutation: You possess an exceptional clarity of
                  | mind. [potion of mutation]
  1336 | D:10     | Gained mutation: You have an increased reservoir of magic.
                  | (+10% MP) [potion of mutation]
  1336 | D:10     | Gained mutation: You are agile. (Dex +4, Str/Int -1)
                  | [potion of mutation]
  1336 | D:10     | Gained mutation: Your flesh is heat resistant. (rF+)
                  | [potion of mutation]
  1336 | D:10     | Slain by a yak

Illustrated notes

Levels and vault maps discovered:
D:1:      psy_arrival_fountain, layout_loops_ring, minivault_14
D:2:      layout_loops_cross, shapermc_ecumenical_altar_hornbeckon,
          serial_shops, shop
D:3:      layout_loops_cross, nicolae_ru_awakened_eye, gammafunk_ghost_split,
          serial_shops, nicolae_shop_overgrown_old_shop, nicolae_shop_trees,
          nicolae_shop_hallway_plus, shop
D:4:      layout_rooms, nicolae_ashenzari_skybound, lightli_minifort,
          uniq_crazy_yiuf_cottage
D:5:      layout_rooms, kennysheep_mini_moat, mainiacjoe_overflow_alcove_2,
          chequers_avenue
D:6:      layout_cave_pools, serial_column_ruins, column_ruins_temple_hall,
          column_ruins_open_small, column_ruins_grid_3, column_ruins_grid_3,
          kennysheep_generic_room_7, uniq_blork_the_orc
D:7:      layout_gridville, elyvilon_altar_3, lemuel_temple_firewalk_b,
          serial_shops, nicolae_diamond_shop
D:8:      layout_loops_ring, overflow_temple_1_default,
          lemuel_coloured_pillars_altar, serial_aquarium, aquarium_bridge_square
          [aquarium_subvault_wall, aquarium_subvault_window,
          aquarium_subvault_bridge, aquarium_subvault_bridge],
          aquarium_window_3, aquarium_window_1, aquarium_window_1,
          aquarium_view_2d, aquarium_view_2d
D:9:      layout_roguey, hiddenorc2_lemuel, minivault_16, grunt_livestock,
          bh_walls_and_bars
D:10:     layout_gridville, dpeg_lair_monsters, enter_bailey_5, serial_glass,
          glass_columns_a, glass_columns_c, glass_columns_c, item_on_display_a,
          item_on_display_a, item_on_display_a
D:11:     layout_roguey, kennysheep_boxes
Temple:   regret_index_temple_waves

Skill      XL: |  1  2  3  4  5  6  7  8  9 10 11 |
---------------+----------------------------------+-----
Earth Magic    | 4 5 6 |  6.0
Conjurations   | 1 2 3 4 5 |  5.0
Spellcasting   | 3 4 5 7 8 9 |  9.8
Summonings     | 1 2 3 |  3.0
Hexes          | 3 4 |  4.0
Transmutations | 3 6 |  6.0
Translocations | 6 7 |  7.0
Fighting       | 1 6 |  6.0
Throwing       | 2 6 |  6.0
Evocations     | 2 5 |  5.0
Dodging        | |  2.4
Stealth        | |  1.4

Action                   |  1- 3 |  4- 6 |  7- 9 | 10-12 || total
-------------------------+-------+-------+-------+-------++-------
Melee: Short sword       |       |     1 |     3 |       ||     4
 Cast: Sandblast         |    31 |     9 |    42 |    35 ||   117
       Passwall          |     2 |     4 |    13 |     9 ||    28
       Stone Arrow       |       |     9 |    22 |    35 ||    66
       Passage of Golubr |       |       |     5 |     3 ||     8
       Yara's Violent Un |       |       |       |     3 ||     3
Evoke: Wand              |       |       |     1 |     8 ||     9
  Use: Scroll            |       |       |     1 |     6 ||     7
       Potion            |       |       |       |     1 ||     1
Armor: Robe              |     3 |     1 |     2 |     1 ||     7
Dodge: Dodged            |     8 |     6 |    24 |    23 ||    61
